 Dungeon Crawl Stone Soup version 0.25-a0-258-g6d7e32a (webtiles) character file.

Game seed: 375177508963876326, levelgen mode: deterministic

41 JeffiDaFish the Grave Robber (level 3, -2/26 HPs)
             Began as a Mummy Necromancer on Dec 7, 2019.
             Slain by Sigmund
             ... wielding a +4 scythe of protection
              (12 damage)
             ... on level 2 of the Dungeon.
             The game lasted 00:04:25 (1132 turns).

JeffiDaFish the Grave Robber (Mummy Necromancer)    Turns: 1132, Time: 00:04:26

Health: -2/26      AC:  3    Str: 11    XL:     3   Next: 32%
Magic:  5/8        EV: 12    Int: 15    God:
Gold:   68         SH:  0    Dex: 12    Spells: 7/9 levels left

rFire    x . .     SeeInvis .   d - +0 short sword (speed)
rCold    + . .     Gourm    .   (no shield)
rNeg     + + +     Faith    .   a - +1 robe
rPois    ∞         Spirit   .   (no helmet)
rElec    .         Reflect  .   (no cloak)
rCorr    .         Harm     .   (no gloves)
MR       .....                  (no boots)
Stlth    ++........             c - amulet of inaccuracy (curse)
HPRegen  0.08/turn              (no ring)
MPRegen  0.11/turn              (no ring)

@: no status effects
A: no food or potions, fire vulnerability, cold resistance 1, negative energy
resistance 3, torment resistance, unbreathing
a: no special abilities


You were on level 2 of the Dungeon.
You were not hungry.

You visited 1 branch of the dungeon, and saw 2 of its levels.

You collected 68 gold pieces.

Inventory:

Hand Weapons
 b - a +0 dagger
 d - a +0 short sword of speed (weapon)
Armour
 a - a +1 robe (worn)
Jewellery
 c - a cursed amulet of inaccuracy (around neck)
Scrolls
 e - a scroll of teleportation {unknown}


   Skills:
 + Level 1.3 Fighting
 - Level 1.5 Dodging
 - Level 1.5 Stealth
 * Level 3.9 Spellcasting
 + Level 4.3 Necromancy


You had 7 spell levels left.
You knew the following spells:

 Your Spells              Type           Power        Failure   Level  Hunger
a - Pain                  Necr           ###.         3%          1    N/A
b - Animate Skeleton      Necr           N/A          3%          1    N/A

Your spell library contained the following spells:

 Spells                   Type           Power        Failure   Level  Hunger
 Vampiric Draining        Necr           ###.......   10%         3    N/A
 Animate Dead             Necr           N/A          30%         4    N/A
 Regeneration             Chrm/Necr      Unusable     N/A         3    N/A

Dungeon Overview and Level Annotations

Branches:
Dungeon (2/15)

Altars:
Zin

Annotations:
D:2 Sigmund, Terence


Innate Abilities, Weirdness & Mutations

You do not eat or drink.
Your flesh is vulnerable to fire.
You are immune to poison.
Your flesh is cold resistant. (rC+)
You are immune to negative energy. (rN+++)
You are immune to unholy pain and torment.
You can survive without breathing.


Message History

Deactivating autopickup; reactivate with Ctrl-A.
Are you sure you want to stumble around while confused and next to your hobgoblin skeleton?
Terence hits you but does no damage.
Terence hits your hobgoblin skeleton with a +0 hand axe of freezing.
You hear some strange, mumbled words.
A magic dart appears from out of thin air!
The magic dart hits you!
You bump into the rock wall.
Terence misses you.
Terence barely misses your hobgoblin skeleton.
Are you sure you want to stumble around while confused and next to your hobgoblin skeleton?
You're too confused to move!
Terence hits you with a +0 hand axe of freezing.
Terence hits your hobgoblin skeleton with a +0 hand axe of freezing.
Your hobgoblin skeleton is destroyed!
Something hits you but does no damage.
You're too confused to move!
Terence misses you.
You're too confused to move!
You feel less confused. Something hits you!
You die...

........#.# ......###..
....### #### ###...
######### ........#
######### ........##.
#........ .%.........
#........ ###'######
###@{...... #.#
###...@...... #.#
##.........###
###.#######...........#
.......................#
###.#######............#
#.........#.♣♣._.♣..#.#
#############.♣♣♣♣###.#
#


You could see Terence.

Vanquished Creatures
  An ooze (D:1)
  A dart slug (D:1)
  A leopard gecko (D:2)
  A ball python (D:1)
  A giant cockroach (D:2)
  5 hobgoblins
  3 jackals (D:1)
  4 bats (D:1)
  2 frilled lizards
  2 goblins (D:1)
  4 kobolds
  4 rats
29 creatures vanquished.

Vanquished Creatures (collateral kills)
  A bat (D:1)
  A hobgoblin (D:2)
2 creatures vanquished.

Grand Total: 31 creatures vanquished

Notes
Turn   | Place    | Note
-------+----------+-------------------------------------------
     0 | D:1      | JeffiDaFish the Mummy Necromancer began the quest for the
                  | Orb.
     0 | D:1      | Reached XP level 1. HP: 13/13 MP: 4/4
   293 | D:1      | Reached XP level 2. HP: 16/20 MP: 0/6
   453 | D:1      | Learned a level 1 spell: Animate Skeleton
   467 | D:1      | Reached skill level 1 in Fighting
   639 | D:1      | Reached XP level 3. HP: 26/26 MP: 5/8
  1116 | D:2      | Found a glowing silver altar of Zin.
  1120 | D:2      | Noticed Sigmund
  1123 | D:2      | Noticed Terence
  1132 | D:2      | Slain by Sigmund

Levels and vault maps discovered:
D:1:      saegor_arrival_under_anarchy, layout_basic, st_stairs_13
D:2:      layout_basic, fedhas_altar_fruit_tree, zin_academy,
          kennysheep_generic_room_8, uniq_terence, uniq_robin, uniq_sigmund

Skill      XL: |  1  2 |
---------------+-------+-----
Spellcasting   | 3 |  3.9
Fighting       | 1 |  1.3
Dodging        | |  1.5
Stealth        | |  1.5
Necromancy     | |  4.3

Action                   || total
-------------------------++-------
Melee: Dagger            ||     5
       Short sword       ||    12
 Cast: Pain              ||    59
       Animate Skeleton  ||     6
  Use: Scroll            ||     4
Armor: Robe              ||     9
Dodge: Dodged            ||    22

Table legend:
 A = Non-vault XP
 B = Vault XP
 C = Vault XP percentage of total XP
 D = Non-vault monster count
 E = Vault monster count
 F = Vault count percentage of total count
                 A         B        C        D         E       F
            +---------+---------+-------+---------+---------+-------
      Total |      57 |       2 |   3.4 |      29 |       2 |   6.5
            +---------+---------+-------+---------+---------+-------
        D:1 |      43 |       2 |   4.4 |      21 |       2 |   8.7
        D:2 |      14 |       0 |   0.0 |       8 |       0 |   0.0
            +---------+---------+-------+---------+---------+-------
